 Dungeon Crawl Stone Soup version 0.30.0-19-g36f170ea60 (webtiles) character file.

Game seed: 13066798604328018045

93861 xSliceyx the Warrior (level 16, -15/147 (148) HPs)
             Began as a Formicid Fighter on May 30, 2023.
             Was a High Priest of Okawaru.
             Demolished by a large abomination (16 damage)
             ... on level 3 of the Abyss on June 1, 2023.
             The game lasted 01:35:57 (26003 turns).

xSliceyx the Warrior (Formicid Fighter)            Turns: 26003, Time: 01:35:58

HP:   -15/147 (148) AC: 23    Str: 39    XL:     16   Next: 58%
MP:   17/21         EV:  6    Int: -1 (8) God:    Okawaru [*****.]
Gold: 2137          SH: 11    Dex: 17    Spells: 15/15 levels left

rFire   + . .        g - +9 great mace "Xymeyhi" {heavy, Drain rElec Str+4 Dex+4}
rCold   + . .        q - +0 kite shield
rNeg    . . .        S - +0 chain mail {rC+}
rPois   .            (helmet unavailable)
rElec   +            L - +2 cloak {rF+}
rCorr   .            c - +0 pair of gloves
SInv    +            W - +1 pair of boots
Will    +....        V - amulet of regeneration Stlth
                     C - +4 ring of protection
HPRegen 1.24/turn    D - +6 ring of strength
MPRegen 0.17/turn

%: no passive effects
@: finesse-ful, slowed, lost intelligence, constricted, studying Maces & Flails,
lightly drained, unable to read, very slow
A: permanent stasis, dig shafts and tunnels, antennae 3, four strong arms
a: Dig, Shaft Self, Renounce Religion, Heroism, Finesse, Duel


You were on level 3 of the Abyss.
You worshipped Okawaru.
Okawaru was extremely pleased with you.
You visited 4 branches of the dungeon, and saw 21 of its levels.
You visited the Abyss 1 time.
You also visited: Ossuary, Ice Cave and Volcano.

You collected 2225 gold pieces.
You spent 88 gold pieces at shops.

Inventory:

Hand Weapons
 g - the +9 great mace "Xymeyhi" (weapon) {heavy, Drain rElec Str+4 Dex+4}
   (Okawaru gifted it to you on level 5 of the Lair of Beasts)

   Str:       It affects your strength (+4).
   Dex:       It affects your dexterity (+4).
   rElec:     It insulates you from electricity.
   Drain:     It drains your maximum health when unequipped.
Missiles
 f - 63 poisoned darts (quivered)
 n - 6 curare-tipped darts
Armour
 c - a +0 pair of gloves (worn)
 e - the +10 tower shield of Ignorance {rN+ Int-4}
   (You found it on level 2 of the Orcish Mines)

   Int:       It affects your intelligence (-4).
   rN:        It protects you from negative energy.
 o - the +14 crystal plate armour of Vaocus {-Tele rElec Regen+}
   (Okawaru gifted it to you on level 2 of the Orcish Mines)

   rElec:     It insulates you from electricity.
   -Tele:     It prevents most forms of teleportation.
   Regen:     It increases your rate of health regeneration.
 q - a +0 kite shield (worn)
 t - the +2 tower shield of Dishonour {rElec Int+5 Dex-3}
   (Okawaru gifted it to you on level 4 of the Lair of Beasts)

   Int:       It affects your intelligence (+5).
   Dex:       It affects your dexterity (-3).
   rElec:     It insulates you from electricity.
 L - a +2 cloak of fire resistance (worn)
 S - a +0 chain mail of cold resistance (worn)
 W - a +1 pair of boots (worn)
Jewellery
 C - a +4 ring of protection (left hand)
 D - a +6 ring of strength (right hand)
 V - an amulet of regeneration (around neck)
Wands
 b - a wand of acid (37)
 v - a wand of flame (19)
 w - a wand of roots (20)
 z - a wand of paralysis (4)
 Q - a wand of polymorph (7)
 X - a wand of mindburst (11)
Scrolls
 d - 3 scrolls of identify
 j - 6 scrolls of poison
 l - 5 scrolls of fog
 r - a scroll of fear
 u - 6 scrolls of immolation
 K - a scroll of magic mapping
Potions
 a - a potion of heal wounds
 h - 4 potions of attraction
 i - 5 potions of curing
 m - 4 potions of resistance
 p - a potion of invisibility
 E - 2 potions of magic
 G - 6 potions of might
 H - a potion of flight
 M - 2 potions of lignification
 R - a potion of cancellation
Miscellaneous
 k - a condenser vane
 s - a lightning rod (4/4)


   Skills:
 - Level 20.0 Fighting
 - Level 2.0(9.9) Axes
 - Level 14.9(15.0) Maces & Flails
 + Level 10.8 Armour
 - Level 7.5 Shields
 - Level 7.0 Invocations
 - Level 13.0 Evocations


You had 15 spell levels left.
You didn't know any spells.
Your spell library contained the following spells:

 Spells                   Type           Power      Damage    Failure   Level
 Apportation              Tloc           0%         N/A       96%         1
 Shock                    Conj/Air       0%         1d3       96%         1
 Lesser Beckoning         Tloc           0%         N/A       99%         2
 Sublimation of Blood     Necr           0%         N/A       99%         2
 Gell's Gravitas          Tloc           0%         N/A       100%        3
 Ignite Poison            Fire/Tmut/Pois 0%         N/A       100%        3
 Teleport Other           Tloc           0%         N/A       100%        3
 Airstrike                Air            0%         2d(0-16)  100%        4
 Olgreb's Toxic Radiance  Pois           0%         N/A       100%        4
 Petrify                  Tmut/Erth      0%         N/A       100%        4
 Sticky Flame             Conj/Fire      0%         2d3       100%        4
 Alistair's Intoxication  Tmut/Pois      0%         N/A       100%        5
 Irradiate                Conj/Tmut      0%         3d11      100%        5
 Eringya's Noxious Bog    Tmut/Pois      0%         N/A       100%        6
 Ozocubu's Refrigeration  Ice            0%         4d7       100%        7
 Discord                  Hex            0%         N/A       100%        8
 Ignition                 Fire           0%         3d3       100%        8
 Polar Vortex             Ice            0%         N/A       100%        9
 Swiftness                Air            Unusable   N/A       N/A         3
 Summon Forest            Summ/Tloc      Unusable   N/A       N/A         5
 Simulacrum               Ice/Necr       Unusable   N/A       N/A         6
 Summon Hydra             Summ           Unusable   N/A       N/A         7

Dungeon Overview and Level Annotations

Branches:
Dungeon (13/15)            Temple (0/1) D:7            Lair (5/5) D:11
  Swamp (1/4) Lair:3        Snake (0/4) Lair:2        Slime (0/5) Lair:5
    Orc (2/2) D:11            Elf (0/3) Orc:2       Ossuary (visited)
  IceCv (visited)         Volcano (visited)
 Vaults: D:13-14

Altars:
Gozag
Kikubaaqudgha
Nemelex Xobeh
Okawaru
Qazlal
Sif Muna
Trog
Vehumet
Wu Jian
Zin
The Shining One

Shops:
Orc:2 :[(*

Annotations:
Swamp:1 Louise


Innate Abilities, Weirdness & Mutations

You cannot be hasted, slowed, berserked, paralysed or teleported.
You can dig through walls and to a lower floor.
You have a pair of large antennae on your head. (SInv)
Your four strong arms can wield two-handed weapons with a shield.


Message History

* * * LOW HITPOINT WARNING * * *
The large abomination hits you but does no damage. x2
Unknown command.
Unknown command.
You feel much better. The pearl dragon closely misses you.
The pearl dragon claws you!
* * * LOW HITPOINT WARNING * * *
A tentacle flies out from the starspawn's body!
You block the large abomination's attack.
The large abomination hits you.
* * * LOW HITPOINT WARNING * * *
The pearl dragon bites you.
* * * LOW HITPOINT WARNING * * *
The pearl dragon claws you but does no damage.
A starspawn tentacle comes into view.
Unknown command.
You closely miss the pearl dragon.
The pearl dragon is lightly wounded.
The large abomination barely misses you.
You block the large abomination's attack.
You block the pearl dragon's attack.
The pearl dragon claws you but does no damage.
A tentacle flies out from the starspawn's body!
The large abomination hits you but does no damage.
A starspawn tentacle comes into view.
Unknown command.
Unknown command.
You thump the large abomination!
The large abomination is moderately damaged.
The pearl dragon barely misses you.
The pearl dragon claws you but does no damage.
The large abomination hits you!
* * * LOW HITPOINT WARNING * * *
The large abomination hits you!!
* * * LOW HITPOINT WARNING * * *
The pearl dragon bites you but does no damage.
The pearl dragon claws you but does no damage.
The starspawn tentacle grabs you. The starspawn tentacle constricts you.
The large abomination hits you!
You die...

#.#...# #.. #. ...
.
...#.......~~.~~.~.
. .....~.~##~~#~~ #
. #..#... ...
~.~.~~~~. . #
......~ ~.~ ~~~ ~
#. ... ..#.~~.~~#~
~ #.###.####8~~~#~~
#
#...~..w~#~.~..~~~~
#...~│X@X~..#~..
##...XD.###.#.~. .
. #.w##│### ..###.
.....──.#~~# .# .
.. .....#####.
.......# #
........... ## ..
......... ....
......


You could see a pearl dragon (corroded), a tentacled starspawn, 2 large
abominations and 2 starspawn tentacles.

Vanquished Creatures
  2 orc warlords
  A reaper (IceCv)
  An ophan (Abyss:3)
  A dire elephant (Lair:4)
  An ettin (Orc:1)
  Erolcha (D:10)
  9 hydras
  A merfolk avatar (Arena)
  Erica (D:10)
  A two-headed ogre (D:11)
  2 boulder beetles
  An alligator (Lair:5)
  4 thrashing horrors
  5 death yaks
  Urug (D:12)
  4 orc high priests (Orc:2)
  Nergalle (Lair:3)
  A fire crab (Lair:5)
  3 skeletal warriors
  3 skysharks (Lair:4)
  2 bog bodies (Lair:3)
  A swamp dragon (Swamp:1)
  5 orange crystal statues
  2 harpies (Lair:4)
  7 orc knights
  7 ugly things
  A cyclops (D:11)
  2 manticores
  6 orc sorcerers
  17 elephants
  2 ice statues (IceCv)
  5 black mambas
  An apocalypse crab (Abyss:2)
  A smoke demon (Volcano)
  A molten gargoyle (Volcano)
  2 torpor snails
  10 cane toads
  Maggie (Lair:1)
  A freezing wraith (IceCv)
  An efreet (Abyss:2)
  3 rime drakes
  2 kobold demonologists (D:12)
  13 komodo dragons
  2 red devils (Volcano)
  4 ice devils (IceCv)
  2 hornets
  8 trolls
  A tyrant leech (Lair:3)
  A wind drake (Lair:4)
  4 polar bears
  Prince Ribbit (D:6)
  4 raiju (Abyss:2)
  A dream sheep (Lair:3)
  15 blink frogs
  A ynoxinul (Abyss:2)
  8 fire bats (Volcano)
  4 wyverns
  2 basilisks
  5 humans (D:6)
  59 yaks
  2 chaos spawn (Abyss:3)
  6 vampire mosquitoes (D:12)
  2 steam dragons
  Menkaure (Ossuary)
  2 harpy simulacra (IceCv)
  3 death yak simulacra
  4 wargs
  3 large abominations
  2 acid dragons
  9 water moccasins
  A sky beast (D:7)
  37 orc warriors
  3 black bears
  2 ice beasts
  12 wolves
  2 centaurs (D:8)
  8 ogres
  A phantom (D:5)
  7 kobold brigands
  2 small abominations (Abyss:2)
  16 bullfrogs
  3 scorpions
  4 two-headed ogre simulacra
  A gnoll sergeant (D:8)
  25 wights
  An elephant simulacrum (IceCv)
  3 electric eels
  2 howler monkeys
  5 lava snakes (Volcano)
  4 jellies
  3 hounds
  13 orc priests
  Crazy Yiuf (D:2)
  2 starcursed masses
  4 gnoll boudas
  5 iguanas
  27 orc wizards
  Natasha (thrice) (D:4)
  6 hell rats
  3 polar bear simulacra
  3 troll simulacra (IceCv)
  3 spriggan simulacra (IceCv)
  2 wolf simulacra
  3 mummies (Ossuary)
  20 gnolls
  5 naga simulacra
  10 adders
  2 white imps (IceCv)
  4 worms
  6 dart slugs
  72 orcs
  6 endoplasms
  4 giant cockroaches
  4 gnoll zombies (Ossuary)
  4 goblins
  3 hobgoblins
  A jackal (D:5)
  3 quokkas
  8 ball pythons
  6 bats
  4 frilled lizards
  3 gnoll skeletons (Ossuary)
  8 goblin skeletons (Ossuary)
  9 goblin zombies (Ossuary)
  2 hobgoblin skeletons (Ossuary)
  2 hobgoblin zombies (Ossuary)
  23 kobolds
  3 kobold skeletons (Ossuary)
  3 kobold zombies (Ossuary)
  5 orc skeletons (Ossuary)
  5 orc zombies (Ossuary)
  5 rats
  4 rat skeletons (Ossuary)
  2 rat zombies (Ossuary)
746 creatures vanquished.

Vanquished Creatures (others)
  An eleionoma (Lair:3)
  A wizard (D:9)
  An orc wizard (D:5)
  An ufetubus (Abyss:2)
  A starspawn tentacle (Abyss:3)
5 creatures vanquished.

Grand Total: 751 creatures vanquished

Notes
Turn   | Place    | Note
-------+----------+-------------------------------------------
     0 | D:1      | xSliceyx the Formicid Fighter began the quest for the Orb.
     0 | D:1      | Reached XP level 1. HP: 18/18 MP: 1/1
   138 | D:1      | Reached XP level 2. HP: 23/24 MP: 2/2
   224 | D:1      | Reached skill level 5 in Shields
   507 | D:1      | Reached XP level 3. HP: 22/29 MP: 3/3
  1084 | D:2      | Found a runed translucent door.
  1085 | D:2      | Noticed Crazy Yiuf
  1181 | D:2      | Reached XP level 4. HP: 35/35 MP: 4/4
  1408 | D:2      | Reached skill level 5 in Armour
  1577 | D:2      | Killed Crazy Yiuf
  1578 | D:2      | Reached XP level 5. HP: 6/41 MP: 5/5
  1891 | D:3      | Identified the +0 ring mail of Beygirr {SInv}
  2256 | D:4      | Noticed Natasha
  2264 | D:4      | Killed Natasha
  2265 | D:4      | Reached XP level 6. HP: 39/47 MP: 6/6
  2380 | D:4      | Noticed Natasha
  2473 | D:4      | Killed Natasha
  2484 | D:4      | Noticed Natasha
  2541 | D:4      | Killed Natasha
  2650 | D:4      | Identified the +5 rapier "Serycrum" {drain, rPois rF+ rN+
                  | Str+3}
  2759 | D:4      | Found an opulent altar of Gozag.
  2761 | D:4      | Found an ornate altar of the Wu Jian Council.
  2761 | D:4      | Found a shimmering blue altar of Sif Muna.
  2762 | D:4      | Found an ancient bone altar of Kikubaaqudgha.
  2762 | D:4      | Found a radiant altar of Vehumet.
  2823 | D:4      | Found a glowing silver altar of Zin.
  2823 | D:4      | Noticed an angel
  2953 | D:5      | Entered Level 5 of the Dungeon
  2971 | D:5      | Reached XP level 7. HP: 41/52 MP: 7/7
  3366 | D:5      | Reached skill level 4 in Fighting
  3631 | D:5      | Reached skill level 5 in Fighting
  3773 | D:5      | Reached skill level 6 in Fighting
  3773 | D:5      | Reached XP level 8. HP: 60/64 MP: 8/8
  4224 | D:6      | Noticed Prince Ribbit
  4256 | D:6      | Killed Prince Ribbit
  4257 | D:6      | Reached skill level 7 in Fighting
  4354 | D:6      | Found an iron altar of Okawaru.
  4364 | D:6      | Became a worshipper of Warmaster Okawaru
  4529 | D:5      | Reached skill level 8 in Fighting
  4733 | D:5      | Reached skill level 9 in Fighting
  4805 | D:6      | Reached XP level 9. HP: 69/72 MP: 9/9
  4929 | D:6      | Reached * piety under Okawaru
  5126 | D:6      | Reached skill level 10 in Fighting
  5148 | D:6      | Reached skill level 11 in Fighting
  5664 | D:6      | Reached ** piety under Okawaru
  5802 | D:6      | Found a glowing golden altar of the Shining One.
  5822 | D:6      | Reached skill level 12 in Fighting
  6096 | D:7      | Reached XP level 10. HP: 81/90 MP: 7/10
  6204 | D:7      | Found a staircase to the Ecumenical Temple.
  6395 | D:7      | Reached skill level 13 in Fighting
  6395 | D:7      | Reached skill level 1 in Invocations
  6927 | D:7      | Reached skill level 5 in Invocations
  7535 | D:8      | Found a sand-covered staircase.
  7581 | Ossuary  | Entered an ossuary
  7668 | Ossuary  | Reached *** piety under Okawaru
  7852 | Ossuary  | Noticed Menkaure
  7872 | Ossuary  | Killed Menkaure
  8297 | D:8      | Reached skill level 1 in Evocations
  8473 | D:8      | Noticed a two-headed ogre
  9406 | D:9      | Reached skill level 5 in Evocations
  9406 | D:9      | Reached XP level 11. HP: 73/98 MP: 14/16
  9408 | D:9      | Reached **** piety under Okawaru
  9906 | D:9      | Found a stormy altar of Qazlal.
 10065 | D:9      | Found a sparkling altar of Nemelex Xobeh.
 10272 | D:9      | Found a bloodstained altar of Trog.
 10275 | D:9      | Noticed a wizard
 10280 | D:9      | Killed a wizard
 10557 | D:10     | Entered Level 10 of the Dungeon
 10704 | D:10     | Reached ***** piety under Okawaru
 10890 | D:10     | Noticed Erica
 10906 | D:10     | Killed Erica
 10907 | D:10     | Reached skill level 10 in Evocations
 11064 | D:10     | Noticed a purple ugly thing
 11080 | D:10     | Noticed a green ugly thing
 11101 | D:10     | Killed a purple ugly thing
 11110 | D:10     | Killed a cyan ugly thing
 11182 | D:10     | Noticed Erolcha
 11368 | D:10     | Killed Erolcha
 11369 | D:10     | Reached XP level 12. HP: 32/105 MP: 4/17
 11776 | D:10     | Reached skill level 1 in Maces & Flails
 12489 | D:11     | Found a staircase to the Lair.
 12926 | D:11     | Noticed a two-headed ogre
 12932 | D:11     | Killed a two-headed ogre
 13156 | D:11     | Reached skill level 5 in Maces & Flails
 13177 | D:11     | Received a gift from Okawaru
 13406 | D:11     | Found a staircase to the Orcish Mines.
 13567 | D:12     | Found a frozen archway.
 13656 | D:12     | Noticed Urug
 13666 | D:12     | Killed Urug
 13773 | IceCv    | Entered an ice cave
 14016 | IceCv    | Reached XP level 13. HP: 99/111 MP: 16/18
 14789 | IceCv    | Noticed a reaper
 14803 | IceCv    | Killed a reaper
 15092 | IceCv    | Identified the +0 chain mail of Cusicrak {Harm Stlth+}
 15460 | D:12     | Reached skill level 10 in Maces & Flails
 16168 | Lair:1   | Entered Level 1 of the Lair of Beasts
 16187 | Lair:1   | Noticed Maggie
 16208 | Lair:1   | Killed Maggie
 16214 | Lair:1   | Identified the +0 pair of gloves of Asceticism {Str-3
                  | Int+6} (Okawaru gifted it to you on level 1 of the Lair of
                  | Beasts)
 16214 | Lair:1   | Received a gift from Okawaru
 16265 | Lair:1   | Found a dark tunnel.
 16274 | Volcano  | Entered a volcano
 16585 | Volcano  | Found a radiant altar of Vehumet.
 16818 | Lair:1   | Reached XP level 14. HP: 118/118 MP: 19/19
 17357 | Lair:2   | Reached skill level 14 in Fighting
 17410 | Lair:2   | Found a staircase to the Snake Pit.
 18116 | Lair:2   | Identified the amulet of Culusic {Faith rF- Regen+ Int+2}
 18122 | Lair:2   | Identified the +1 sling of Cipa {heavy, Str+3 Int+3}
 18483 | Lair:3   | Reached skill level 15 in Fighting
 18719 | Lair:3   | Noticed Nergalle
 18724 | Lair:3   | Killed Nergalle
 18726 | Lair:3   | Received a gift from Okawaru
 19017 | Lair:3   | Reached skill level 16 in Fighting
 19040 | Lair:3   | Found a staircase to the Swamp.
 20129 | Lair:4   | Reached ****** piety under Okawaru
 20264 | Lair:4   | Identified the +2 tower shield of Dishonour {rElec Int+5
                  | Dex-3} (Okawaru gifted it to you on level 4 of the Lair of
                  | Beasts)
 20264 | Lair:4   | Received a gift from Okawaru
 20268 | Lair:4   | Reached skill level 17 in Fighting
 20644 | Lair:5   | Entered Level 5 of the Lair of Beasts
 20644 | Lair:5   | Noticed a dire elephant
 20656 | Lair:4   | Reached XP level 15. HP: 94/134 MP: 20/20
 20796 | Arena    | Entered the Arena
 20871 | Lair:4   | Reached skill level 18 in Fighting
 21190 | Lair:4   | Received a gift from Okawaru
 21333 | Lair:5   | Identified the +2 cloak of the Invisible Stories {+Blink}
 21358 | Lair:5   | Found a staircase to the Slime Pits.
 21367 | Lair:5   | Reached skill level 19 in Fighting
 21715 | Lair:5   | Identified the +9 great mace "Xymeyhi" {heavy, Drain rElec
                  | Str+4 Dex+4} (Okawaru gifted it to you on level 5 of the
                  | Lair of Beasts)
 21715 | Lair:5   | Received a gift from Okawaru
 22525 | Orc:1    | Entered Level 1 of the Orcish Mines
 22548 | Orc:1    | Noticed an orc warlord
 22561 | Orc:1    | Killed an orc warlord
 23204 | Orc:1    | Reached skill level 20 in Fighting
 23447 | Orc:2    | Entered Level 2 of the Orcish Mines
 23697 | Orc:2    | Noticed an orc warlord
 23702 | Orc:2    | Killed an orc warlord
 23703 | Orc:2    | Reached XP level 16. HP: 97/148 MP: 21/21
 23921 | Orc:2    | Identified the +14 crystal plate armour of Vaocus {-Tele
                  | rElec Regen+} (Okawaru gifted it to you on level 2 of the
                  | Orcish Mines)
 23921 | Orc:2    | Received a gift from Okawaru
 24016 | Orc:2    | Found a runed translucent door.
 24217 | Orc:2    | Found Resma's Antique Weapon Emporium.
 24237 | Orc:2    | Found the +10 tower shield of Ignorance {rN+ Int-4}
 24252 | Orc:2    | Found a runed translucent door.
 24290 | Orc:2    | Found Umpynul's General Store.
 24303 | Orc:2    | Bought a potion of might for 44 gold pieces
 24303 | Orc:2    | Bought a scroll of poison for 44 gold pieces
 24401 | Orc:2    | Found Bigge's Book Shop.
 24439 | Orc:2    | Found a staircase to the Elven Halls.
 24497 | Orc:2    | Found Detet's Antique Armour Boutique.
 25022 | Orc:2    | Lost intelligence.
 25707 | Swamp:1  | Entered Level 1 of the Swamp
 25834 | Swamp:1  | Noticed Louise
 25850 | Abyss:2  | Cast into level 2 of the Abyss (Louise)
 25918 | Abyss:2  | Reached skill level 10 in Armour
 25993 | Abyss:3  | Noticed a pearl dragon
 25999 | Abyss:3  | Noticed a tentacled starspawn
 26003 | Abyss:3  | HP: 1/147 [large abomination (19)]
 26003 | Abyss:3  | Demolished by a large abomination

Illustrated notes

Levels and vault maps discovered:
D:1:      dpeg_arrival_fog, layout_basic, kennysheep_decorative_pillar,
          hangedman_decor_slide_cut, dk_noncrumbling_4
D:2:      layout_basic, chequers_serial_rivers_small_3, bh_walls_and_bars,
          uniq_crazy_yiuf_cottage
D:3:      cheibrodos_old_hovel, layout_rooms, chequers_serial_rivers_small_a
D:4:      layout_rooms, zin_angel, grunt_temple_overflow_open, uniq_natasha
D:5:      layout_loops_ring, serial_glass, glass_columns_c, glass_columns_b,
          st_stairs_13
D:6:      layout_cave_pods, mainiacjoe_overflow_alcove_1,
          overflow_temple_1_default, minmay_ruffians, uniq_prince_ribbit1
D:7:      layout_layer_cave, temple_doors_e
D:8:      layout_loops_ring, nicolae_ossuary_entry_false_entrances
D:9:      layout_stronghold, trog_wizard, mainiacjoe_overflow_paths,
          lemuel_coloured_pillars_altar
D:10:     layout_layer_cave, minivault_20, uniq_erolcha, uniq_erica
D:11:     layout_loops_ring, grunt_lair_entry_orc_guard_hut, orc_david_3
D:12:     layout_cave_pods, portal_ice_cave_entry_ice_simulacra,
          hangedman_decor_points, uniq_urug
D:13:     layout_small_grid, david_vaults_5
Lair:1:   layout_long_grid, enter_volcano_1, chequers_serial_rivers_micro_d,
          st_stairs_10, grunt_megastairs_3, uniq_maggie
Lair:2:   statuecave_lemuel, layout_hall_layers, guppyfry_snake_entry_garden
Lair:3:   layout_cave_pods, minmay_swamp_entry_eels, nzn_random_ring,
          uniq_nergalle
Lair:4:   layout_small_grid
Lair:5:   gammafunk_lair_ancient_temple, layout_loops_ring, slime_entry_1,
          minmay_shattered_shrine
Swamp:1:  layout_basic_swamp, evilmike_swamp_ruin_house_6, uniq_donald,
          uniq_louise, uniq_mlioglotl
Orc:1:    layout_diamond_mine
Orc:2:    grunt_orc_gardens, layout_diamond_mine, grunt_orc_garden,
          grunt_orc_garden, grunt_orc_garden, grunt_orc_garden,
          chequers_guarded_unrand_ignorance
Abyss:3:  base: Lair:2, kilobyte_mutagenic_chamber

Skill      XL: |  1  2  3  4  5  6  7  8  9 10 11 12 13 14 15 16 |
---------------+-------------------------------------------------+-----
Shields        | 5 6 7 |  7.5
Armour         | 4 5 6 7 8 10 | 10.8
Fighting       | 6 9 12 13 17 20 | 20.0
Invocations    | 7 |  7.0
Evocations     | 5 11 13 | 13.0
Maces & Flails | 8 12 13 14 | 14.9
Axes           | |  2.0

Action                     |  1- 3 |  4- 6 |  7- 9 | 10-12 | 13-15 | 16-18 || total
---------------------------+-------+-------+-------+-------+-------+-------++-------
  Melee: War axe           |    98 |    34 |       |       |       |       ||   132
         Quarterstaff      |       |   110 |       |       |       |       ||   110
         Rapier            |       |    12 |   324 |   723 |       |       ||  1059
         Giant club        |       |       |       |   221 |   700 |       ||   921
         Scimitar          |       |       |       |       |    28 |       ||    28
         Great mace        |       |       |       |       |   102 |   342 ||   444
  Throw: Dart              |       |     2 |    26 |    14 |       |       ||    42
         Throwing net      |       |       |     1 |       |       |       ||     1
 Invoke: Heroism           |       |       |       |     9 |     7 |       ||    16
         Finesse           |       |       |       |     2 |     3 |     1 ||     6
         Duel              |       |       |       |       |     1 |       ||     1
Ability: Dig               |       |       |     2 |     5 |     3 |     1 ||    11
  Evoke: Wand              |       |       |       |       |     1 |     9 ||    10
    Use: Potion            |       |     2 |       |     2 |     3 |     5 ||    12
         Scroll            |       |       |     7 |    11 |     8 |       ||    26
   Stab: Paralysed         |       |       |       |       |     4 |       ||     4
 Armour: Scale mail        |    53 |    68 |     3 |       |       |       ||   124
         Chain mail        |       |       |   178 |   438 |   606 |   350 ||  1572
         Ring mail         |       |       |       |    48 |    34 |       ||    82
  Dodge: Dodged            |    46 |    91 |   147 |   376 |   452 |   218 ||  1330
  Block: Buckler           |    15 |    43 |    87 |   153 |    21 |    23 ||   342
         Kite shield       |       |       |       |       |       |   289 ||   289
